 Dungeon Crawl Stone Soup version 0.31-a0-632-g766dd24fdf (webtiles) character file.

Game seed: 1554313873430623311

9 RepHenryClay the Sneak (level 2, -10/29 HPs)
             Began as a Troll Delver on Aug 26, 2023.
             Mangled by an orc
             ... wielding a +1 war axe of electrocution
              (11 damage)
             ... on level 4 of the Dungeon.
             The game lasted 00:00:28 (89 turns).

RepHenryClay the Sneak (Troll Delver)                 Turns: 89, Time: 00:00:28

Health: -10/29     AC:  4    Str: 19    XL:     2   Next: 3%
Magic:  1/1        EV: 10    Int:  6    God:
Gold:   8          SH:  0    Dex: 11    Spells: 1/1 levels left

rFire   . .          .
                       - Unarmed
rCold   . . .        (no shield)
rNeg    . . .        a - +0 robe
rPois   .            (helmet restricted)
rElec   .            (no cloak)
rCorr   .            (gloves unavailable)
SInv    .            (boots unavailable)
Will    +....        (no amulet)
Stlth   ++           g - ring of willpower
HPRegen 1.04/turn    (no ring)
MPRegen 0.07/turn

%: no passive effects
@: no status effects
A: large, unfitting armour, claws 3, regeneration 1, shaggy fur 1, tough skin 1
a: no special abilities


You were on level 4 of the Dungeon.
You visited 1 branch of the dungeon, and saw 2 of its levels.

You collected 8 gold pieces.

Inventory:

Hand Weapons
 h - the +5 sling "Ycked" {heavy, rC+++ Will+ rCorr Int-3}
   (You found it on level 5 of the Dungeon)

   Int-3:     It affects your intelligence (-3).
   rC+++:     It renders you almost immune to cold.
   Will+:     It increases your willpower.
   rCorr:     It protects you from acid and corrosion.
Armour
 a - a +0 robe (worn)
Jewellery
 g - a ring of willpower (left claw)
Wands
 f - a wand of digging (3)
Scrolls
 b - a scroll of fog
 c - a scroll of revelation
 d - a scroll of fear
Potions
 e - a potion of haste


   Skills:
 - Level 2.5 Fighting
 + Level 1.7 Dodging
 - Level 2.8 Stealth
 + Level 2.2 Unarmed Combat


You had one spell level left.
You didn't know any spells.
Your spell library was empty.

Dungeon Overview and Level Annotations

Branches:
Dungeon (5/15)
 Temple: D:4-7

Altars:


Innate Abilities, Weirdness & Mutations

You are too large for most types of armour.
You have claws for hands.
Your natural rate of healing is unusually fast.
You are covered in fur. (AC +1)
You have tough skin. (AC +1)


Message History

You hear the hiss of flowing sand.
There is an entrance to an ossuary on this level.
Hurry and find it before the portal is buried!
Found a coppery potion.
Found a stone staircase leading up.
There is a stone staircase leading down here.
Okay, then.
An orc priest comes into view. It is wielding a +0 hand axe.
The orc priest shouts!
You hear a shout!
The orc priest miscasts a cantrip.
The orc priest mumbles some strange prayers to Beogh against you.
Beogh smites you!
Huge Dmg: -31%(-9hp) hp: 69%(20hp)
An orc wizard and 2 orcs come into view.
An orc is wielding a +1 war axe of electrocution.
An orc is wielding a +0 vampiric hand axe.
The orc shouts!
You claw the orc priest!
The orc priest is severely wounded.
You scratch the orc but do no damage. You scratch the orc.
The orc is heavily wounded.
You scratch the orc.
The orc is severely wounded.
You closely miss the orc priest.
The orc priest is severely wounded.
The orc priest invokes the aid of Beogh against you.
Beogh smites you!
The orc hits you with a +1 war axe of electrocution!
* * * LOW HITPOINT WARNING * * *
Huge Dmg: -59%(-17hp) hp: 28%(8hp)
You scratch the orc priest.
The orc priest is almost dead.
The orc hits you with a +1 war axe of electrocution!
* * * LOW HITPOINT WARNING * * *
The orc priest closely misses you.
Huge Dmg: -21%(-6hp) hp: 7%(2hp)
You barely miss the orc priest.
The orc priest is almost dead.
The orc hits you with a +1 war axe of electrocution.
* * * LOW HITPOINT WARNING * * *
You are electrocuted!
You die...

#####
#...#########
#....><......
#o@.######...
##o##


#oo ###. .. .# .# # You could see an orc priest, an orc wizard and 2 orcs.

Vanquished Creatures
  An adder (D:5)
1 creature vanquished.

Notes
Turn   | Place    | Note
-------+----------+-------------------------------------------
     0 | D:5      | RepHenryClay the Troll Delver began the quest for the Orb.
     0 | D:5      | Reached XP level 1. HP: 22/22 MP: 0/0
    43 | D:5      | Reached XP level 2. HP: 29/29 MP: 1/1
    61 | D:5      | Identified the +5 sling "Ycked" {heavy, rC+++ Will+ rCorr
                  | Int-3}
    89 | D:4      | HP: 1/29 [orc/+1 war axe of electrocution (2)]
    89 | D:4      | Mangled by an orc

Illustrated notes

Levels and vault maps discovered:
D:4:      layout_rooms, mainiacjoe_overflow_brackets, minmay_temple_entry_waves,
          enter_ossuary_2
D:5:      layout_gridville, hangedman_decor_riveting, uniq_eustachio

Action                     || total
---------------------------++-------
  Melee: Unarmed           ||     9
 Armour: Robe              ||     2
  Dodge: Dodged            ||     1

Table legend: (Time is in decaauts)
 A = Elapsed time spent in this place.
 B = Non-inter-level travel time spent in this place.
 C = Inter-level travel time spent in this place.
 D = Time resting spent in this place.
 E = Time spent auto-exploring this place.
 F = Levels seen in this place.
 G = Mean time per level.
                   A        B        C        D        E       F      G
               +--------+--------+--------+--------+--------+-----+--------+
         Total |     88 |     88 |      0 |      0 |     49 |   2 |   44.0 |
       Dungeon |     88 |     88 |      0 |      0 |     49 |   2 |   44.0 |
               +--------+--------+--------+--------+--------+-----+--------+

Top non-repeatable levels by time:
     D:5: 77 daAuts
     D:4: 10 daAuts
